 Dungeon Crawl Stone Soup version 0.21.1-1-g345015f (webtiles) character file.

8292 tidbits the Martial Artist (level 11, -1/83 HPs)
             Began as a Gnoll Transmuter on Feb 7, 2018.
             Was a High Priest of Cheibriados.
             Slain by Harold
             ... wielding a +0 battleaxe
              (21 damage)
             ... on level 10 of the Dungeon.
             The game lasted 00:39:55 (3420 turns).

tidbits the Martial Artist (Gnoll Transmuter)       Turns: 3420, Time: 00:39:55

Health: -1/83      AC: 12    Str: 25    XL:     11   Next: 28%
Magic:  16/22      EV: 19    Int: 27    God:    Cheibriados [*****.]
Gold:   586        SH:  0    Dex: 24    Spells: 5/25 levels left

rFire    . . .     SeeInvis .     - Unarmed
rCold    . . .     Gourm    .   (shield currently unavailable)
rNeg     . . .     Faith    .   B - +2 troll leather armour
rPois    .         Spirit   .   E - +0 helmet
rElec    .         Reflect  .   (no cloak)
rCorr    .         Harm     +   (gloves currently unavailable)
MR       .....                  F - +0 pair of boots
Stlth    ++++......             P - amulet of harm
HPRegen  0.63/turn              U - +3 ring of protection
MPRegen  0.18/turn              (no ring)

@: blade hands, very slow
A: distributed training, fangs 1, clumsy 1, dopey 1, strong nose
a: End Transformation, Bend Time, Temporal Distortion, Slouch, Step From Time,
Renounce Religion


You were on level 10 of the Dungeon.
You worshipped Cheibriados.
Cheibriados was extremely pleased with you.
You were very hungry.
You had blades for hands.
You visited 2 branches of the dungeon, and saw 14 of its levels.
You also visited: Labyrinth and Ossuary.

You collected 586 gold pieces.

Inventory:

Hand Weapons
 b - the +9 hunting sling of the Dead (melded) {venom, +Inv rElec rC- Str+4}
   (You found it on level 7 of the Dungeon)

   It poisons the ammo it fires.
   It affects your strength (+4).
   It makes you vulnerable to cold.
   It insulates you from electricity.
   It lets you turn invisible.
 d - a +0 dagger
 J - a +0 blowgun
 O - a +2 great sword of holy wrath
   (You took it off a minotaur in a labyrinth)
 Q - a +1 broad axe
 R - a +1 hand axe of chopping
   (You found it in a labyrinth)
Missiles
 a - 40 arrows
 k - 60 stones
 m - 10 javelins (quivered)
Armour
 B - a +2 troll leather armour (worn)
 D - a +2 shield of reflection
   (You found it on level 7 of the Dungeon)
 E - a +0 helmet (worn)
 F - a +0 pair of boots (worn)
 G - a +1 pair of gloves (melded)
Magical Staves
 s - an uncursed staff of earth
   (You found it on level 7 of the Dungeon)
 C - an uncursed staff of conjuration {!a}
   (You found it on level 7 of the Dungeon)
Jewellery
 w - an uncursed ring of fire
   (You found it on level 7 of the Dungeon)
 A - an uncursed ring of teleportation
   (You found it on level 7 of the Dungeon)
 P - an amulet of harm (around neck)
   (You took it off a minotaur in a labyrinth)
 U - a +3 ring of protection (left scythe-like blade)
   (You found it on level 5 of the Dungeon)
Wands
 t - a wand of scattershot (7)
 v - a wand of disintegration (6)
 N - a wand of iceblast (10)
 V - a wand of enslavement (11)
 W - a wand of paralysis (10)
Scrolls
 e - 2 scrolls of enchant weapon
 h - a scroll of teleportation
 i - a scroll of holy word {unknown}
 j - a scroll of noise
 l - a scroll of fog
 o - a scroll of amnesia
 q - a scroll of silence
 r - 8 scrolls of remove curse
 y - a scroll of fear {unknown}
 Y - a scroll of immolation {unknown}
Potions
 g - 3 potions of haste
 n - a potion of invisibility
 H - a potion of flight
 I - 2 potions of lignification
 L - 2 potions of heal wounds
 M - 3 potions of might
 Z - a potion of agility
Books
 p - a book of Maledictions
   (You found it on level 4 of the Dungeon)

   Spells                             Type                      Level
   a - Corona                         Hexes                        1
   b - Ensorcelled Hibernation        Hexes/Ice                    2
   c - Confuse                        Hexes                        3
   d - Tukima's Dance                 Hexes                        3
   e - Dazzling Spray                 Conjuration/Hexes            3
 x - the Guide on Fire
   (You found it on level 11 of the Dungeon)

   Spells                             Type                      Level
   a - Conjure Flame                  Conjuration/Fire             3
   b - Inner Flame                    Hexes/Fire                   3
   c - Sticky Flame                   Conjuration/Fire             4
   d - Bolt of Fire                   Conjuration/Fire             6
 z - a book of Changes

   Spells                             Type                      Level
   a - Beastly Appendage              Transmutation                1
   b - Sticks to Snakes               Transmutation                2
   c - Spider Form                    Transmutation/Poison         3
   d - Ice Form                       Ice/Transmutation            4
   e - Blade Hands                    Transmutation                5
 S - the Tome of Dusty Flames
   (You found it on level 11 of the Dungeon)

   Spells                             Type                      Level
   a - Stone Arrow                    Conjuration/Earth            3
   b - Ignite Poison                  Fire/Transmutation/Poison    3
   c - Bolt of Magma                  Conjuration/Fire/Earth       5
   d - Shatter                        Earth                        9
 X - the Catalogue of the Mountains and Aid
   (You found it in a labyrinth)

   Spells                             Type                      Level
   a - Infusion                       Charms                       1
   b - Sandblast                      Earth                        1
   c - Passwall                       Transmutation/Earth          2
   d - Ring of Flames                 Charms/Fire                  7
   e - Shatter                        Earth                        9
Miscellaneous
 u - a lightning rod (4/4)
 T - a phantom mirror
Comestibles
 c - 7 rations


   Skills:
 + Level 6.6 Fighting
 + Level 6.0 Short Blades
 + Level 6.0 Long Blades
 + Level 6.0 Axes
 + Level 6.0 Maces & Flails
 + Level 6.0 Polearms
 + Level 6.0 Staves
 + Level 6.0 Slings
 + Level 6.0 Bows
 + Level 6.0 Crossbows
 + Level 6.0 Throwing
 + Level 6.0 Armour
 + Level 7.6 Dodging
 + Level 6.0 Stealth
 + Level 6.0 Shields
 + Level 9.0 Unarmed Combat
 + Level 7.9 Spellcasting
 + Level 5.0 Conjurations
 + Level 5.0 Hexes
 + Level 5.0 Charms
 + Level 5.0 Summonings
 + Level 5.0 Necromancy
 + Level 5.0 Translocations
 + Level 6.3 Transmutations
 + Level 5.0 Fire Magic
 + Level 5.0 Ice Magic
 + Level 5.0 Air Magic
 + Level 5.0 Earth Magic
 + Level 5.0 Poison Magic
 + Level 6.6 Invocations
 + Level 6.0 Evocations


You had 5 spell levels left.
You knew the following spells:

 Your Spells              Type           Power        Failure   Level  Hunger
a - Spider Form           Tmut/Pois      #####.....   19%         3    None
c - Confuse               Hex            #####...     22%         3    None
e - Beastly Appendage     Tmut           #####.       11%         1    None
h - Blade Hands           Tmut           #####.....   50%         5    ####...
k - Sticks to Snakes      Tmut           #####...     13%         2    None
p - Passwall              Tmut/Erth      #####.....   14%         2    None
t - Sticky Flame          Conj/Fire      #####...     41%         4    ##.....


Dungeon Overview and Level Annotations

Branches:
Dungeon (13/15)              Lair (0/6) D:11            Orc (1/2) D:10
 Temple: D:4-7       Vaults: D:13-14

Altars:
Cheibriados
Dithmenos
Fedhas
Kikubaaqudgha
Ru
Xom

Annotations:
D:10 Harold
Orc:1 Josephine


Innate Abilities, Weirdness & Mutations

Your experience applies equally to all skills.
You have very sharp teeth.
Your uncanny sense of smell can sniff out nearby items.
You are clumsy. (Dex -2)
You are dopey. (Int -2)


Message History

You drop 2 tomahawks.
You drop +0 acid dragon scales.
As you read the scroll labeled EWA WEUCHAOSY, it crumbles to dust.
It is a scroll of enchant weapon.
Your broad axe glows red for a moment.
You climb downwards.
Welcome to the Orcish Mines! 4 orcs, an ogre, a wraith and Harold come into view.
The orc warrior shouts!
The orc shouts!
Harold shouts!
The ogre shouts!
The orc shouts!
Found 25 gold pieces.
Found a stone staircase leading down.
There is a staircase back to the Dungeon here.
Unknown command.
Press: ? - help, v - describe, . - travel
Here: Harold, wielding a battleaxe and wearing a ring mail The floor.
Unknown command.
Okay, then.
Unknown command.
Casting: Blade Hands
Confirm with . or Enter, or press ? or * to list all spells.
You create a snake!
You now have 40 arrows.
The orc shouts!
You hear a shout!
The orc barely misses you.
Unknown command.
Casting: Sticks to Snakes
Confirm with . or Enter, or press ? or * to list all spells.
Your hands turn into razor-sharp scythe blades.
The +9 hunting sling of the Dead {venom, +Inv rElec rC- Str+4} melds into your body.
Your +1 pair of gloves melds into your body.
The +9 hunting sling of the Dead {venom, +Inv rElec rC- Str+4} stops dripping with poison.
You are feeling very hungry.
The orc misses you.
You slice the orc!!
You kill the orc!
Cheibriados thoroughly appreciates the change of pace.
The orc closely misses you.
A wraith comes into view.
You hit the orc.
The orc is severely wounded.
Your water moccasin bites the orc but does no damage.
Harold gestures wildly while chanting.
Harold blinks!
Your water moccasin misses the orc.
Josephine the Decaying Necromancer comes into view.
She is wielding a dagger of distortion.
Unknown command.
You hit the orc warrior but do no damage.
You bite the orc warrior, but do no damage.
The orc completely misses you.
Your water moccasin misses the orc.
Unknown command.
You slice the orc warrior!!
The orc warrior is almost dead.
The wraith closely misses your water moccasin.
The orc closely misses you. The orc warrior closely misses you.
Your water moccasin closely misses the orc.
The orc closely misses you.
Harold says, "Ah, this is what I got into this business for!"
Harold drinks a potion.
Harold seems to grow stronger.
Unknown command.
You barely miss the orc warrior.
The orc warrior is almost dead.
The wraith hits your water moccasin!
The wraith drains your water moccasin's vigour!
Your water moccasin seems to slow down.
Your water moccasin closely misses the orc.
The orc completely misses you. The ogre hits you with a giant club!
The orc warrior misses you.
You slice the orc warrior!!
You kill the orc warrior!
Cheibriados appreciates the change of pace.
The wraith hits your water moccasin.
Your water moccasin bites the orc but does no damage.
The orc completely misses you.
Unknown command.
The ogre barely misses you. The wraith hits your water moccasin.
The wraith drains your water moccasin's vigour!
Your water moccasin seems to slow down.
Your water moccasin bites the wraith but does no damage.
The orc completely misses you. Harold casts a spell at you.
The bolt of fire hits you!
* * * LOW HITPOINT WARNING * * *
The bolt of fire hits the orc.
The orc dies!
You climb upwards.
Welcome back to the Dungeon!
Your summoned ally is left behind.
There is a staircase to the Orcish Mines here.
Things that are here:
+0 acid dragon scales; 2 tomahawks You slice Harold!!
Harold is moderately wounded.
The ogre barely misses you.
You slice Harold!! You slash Harold.
Harold is almost dead.
Harold gestures at you while chanting. The bolt of fire hits you!
* * * LOW HITPOINT WARNING * * *
You completely miss Harold. Your bite misses Harold.
Harold is severely wounded.
Harold says, "Try to look on the bright side.
Your death will help put my children through school."
Harold hits you with a battleaxe!!
You die...

### ### ### #
#######8###.###8###
#≈§≈.#...#...#...#.
#≈§.§#.............
#≈@@.'.............
#≈≈O.#.............
#≈§≈.#...#...#...#.
#######8###8###8###
### ### ### # ∆..
##


You could see Harold and an ogre.

Vanquished Creatures
  A minotaur (Lab)
  Erolcha (D:11)
  An ugly thing (D:12)
  2 cyclopes
  A manticore (D:11)
  2 trolls
  A meliai zombie (D:12)
  A hippogriff (D:7)
  2 redbacks (Lab)
  2 wyverns
  A hungry ghost (D:7)
  An acid dragon (D:11)
  2 wargs (D:11)
  A hornet zombie (D:12)
  7 orc warriors
  A sky beast (D:7)
  An eye of draining (D:11)
  A necrophage (D:11)
  3 centaurs (D:11)
  An elf zombie (Ossuary)
  2 big kobolds
  4 bullfrogs
  2 scorpions
  10 wights
  A centaur zombie (D:7)
  3 crimson imps
  2 quasits (D:7)
  A bullfrog zombie (D:12)
  5 hounds
  3 orc wizards
  3 bullfrog skeletons
  4 orc priests
  A jelly (D:12)
  3 iguanas
  Natasha (D:3)
  4 worker ants
  2 mummies
  A worker ant zombie (D:11)
  5 adders
  3 gnolls (D:7)
  An ooze (D:6)
  An adder skeleton (D:9)
  2 adder zombies
  2 worms
  A dart slug (D:2)
  2 leopard geckos (D:2)
  18 orcs
  5 goblins
  2 hobgoblins
  6 jackals
  A quokka (D:5)
  A ball python (D:2)
  A bat (D:2)
  2 frilled lizards
  2 goblin zombies (Ossuary)
  9 hobgoblin zombies
  6 jackal zombies
  8 kobolds
  7 kobold zombies
  7 orc zombies (Ossuary)
  3 rats (D:2)
  2 rat zombies (Ossuary)
182 creatures vanquished.

Vanquished Creatures (collateral kills)
  Menkaure (D:5)
  2 bullfrogs
  A bullfrog skeleton (D:7)
  A mummy (Ossuary)
  A bat (D:2)
  A hobgoblin zombie (Ossuary)
  A jackal zombie (Ossuary)
  A kobold zombie (Ossuary)
  An orc zombie (Ossuary)
10 creatures vanquished.

Vanquished Creatures (others)
  An orc (Orc:1)
  A hobgoblin zombie (Ossuary)
2 creatures vanquished.

Grand Total: 194 creatures vanquished

Notes
Turn   | Place    | Note
-------+----------+-------------------------------------------
     0 | D:1      | tidbits the Gnoll Transmuter began the quest for the Orb.
     0 | D:1      | Reached XP level 1. HP: 17/17 MP: 6/6
    30 | D:2      | Reached XP level 2. HP: 22/23 MP: 7/7
    34 | D:2      | Learned a level 2 spell: Sticks to Snakes
   162 | D:2      | Reached XP level 3. HP: 24/28 MP: 6/9
   167 | D:2      | Learned a level 3 spell: Spider Form
   194 | D:2      | Reached skill level 5 in Spellcasting
   293 | D:3      | Noticed Natasha
   296 | D:3      | Noticed a scorpion
   299 | D:3      | Killed Natasha
   299 | D:3      | Reached skill level 1 in Invocations
   303 | D:3      | Killed a scorpion
   303 | D:3      | Reached skill level 1 in Short Blades
   303 | D:3      | Reached skill level 1 in Long Blades
   303 | D:3      | Reached skill level 1 in Axes
   303 | D:3      | Reached skill level 1 in Maces & Flails
   303 | D:3      | Reached skill level 1 in Polearms
   303 | D:3      | Reached skill level 1 in Staves
   303 | D:3      | Reached skill level 1 in Slings
   303 | D:3      | Reached skill level 1 in Bows
   303 | D:3      | Reached skill level 1 in Crossbows
   303 | D:3      | Reached skill level 1 in Throwing
   303 | D:3      | Reached skill level 1 in Armour
   303 | D:3      | Reached skill level 1 in Stealth
   303 | D:3      | Reached skill level 1 in Shields
   303 | D:3      | Reached skill level 1 in Conjurations
   303 | D:3      | Reached skill level 1 in Hexes
   303 | D:3      | Reached skill level 1 in Charms
   303 | D:3      | Reached skill level 1 in Summonings
   303 | D:3      | Reached skill level 1 in Necromancy
   303 | D:3      | Reached skill level 1 in Translocations
   303 | D:3      | Reached skill level 1 in Fire Magic
   303 | D:3      | Reached skill level 1 in Ice Magic
   303 | D:3      | Reached skill level 1 in Air Magic
   303 | D:3      | Reached skill level 1 in Earth Magic
   303 | D:3      | Reached skill level 1 in Poison Magic
   303 | D:3      | Reached skill level 1 in Evocations
   303 | D:3      | Reached XP level 4. HP: 34/34 MP: 6/11
   326 | D:4      | Found a shimmering altar of Xom.
   376 | D:4      | Reached XP level 5. HP: 40/40 MP: 6/12
   538 | D:4      | Learned a level 3 spell: Confuse
   692 | D:4      | You fall through a shaft for 2 floors!
   702 | D:6      | Reached skill level 3 in Fighting
   702 | D:6      | Reached skill level 4 in Transmutations
   706 | D:6      | Reached skill level 2 in Invocations
   706 | D:6      | Reached XP level 6. HP: 43/47 MP: 2/13
   829 | D:7      | Reached skill level 5 in Dodging
   834 | D:6      | Noticed a troll
   843 | D:6      | Reached skill level 2 in Short Blades
   843 | D:6      | Reached skill level 2 in Long Blades
   843 | D:6      | Reached skill level 2 in Axes
   843 | D:6      | Reached skill level 2 in Maces & Flails
   843 | D:6      | Reached skill level 2 in Polearms
   843 | D:6      | Reached skill level 2 in Staves
   843 | D:6      | Reached skill level 2 in Slings
   843 | D:6      | Reached skill level 2 in Bows
   843 | D:6      | Reached skill level 2 in Crossbows
   843 | D:6      | Reached skill level 2 in Throwing
   843 | D:6      | Reached skill level 2 in Armour
   843 | D:6      | Reached skill level 2 in Stealth
   843 | D:6      | Reached skill level 2 in Shields
   843 | D:6      | Reached skill level 2 in Evocations
   851 | D:6      | Killed a troll
   851 | D:6      | Reached skill level 7 in Unarmed Combat
   851 | D:6      | Reached skill level 2 in Conjurations
   851 | D:6      | Reached skill level 2 in Hexes
   851 | D:6      | Reached skill level 2 in Charms
   851 | D:6      | Reached skill level 2 in Summonings
   851 | D:6      | Reached skill level 2 in Necromancy
   851 | D:6      | Reached skill level 2 in Translocations
   851 | D:6      | Reached skill level 2 in Fire Magic
   851 | D:6      | Reached skill level 2 in Ice Magic
   851 | D:6      | Reached skill level 2 in Air Magic
   851 | D:6      | Reached skill level 2 in Earth Magic
   851 | D:6      | Reached skill level 2 in Poison Magic
   851 | D:6      | Reached XP level 7. HP: 7/52 MP: 9/15
   911 | D:5      | Entered Level 5 of the Dungeon
   953 | D:5      | Noticed Menkaure
   974 | D:5      | Killed Menkaure
  1029 | D:6      | Reached skill level 3 in Invocations
  1046 | D:6      | Found a snail-covered altar of Cheibriados.
  1059 | D:6      | Became a worshipper of Cheibriados the Contemplative
  1129 | D:5      | Found a sand-covered staircase.
  1142 | D:5      | Learned a level 5 spell: Blade Hands
  1147 | Ossuary  | Entered an ossuary
  1177 | Ossuary  | Gained mutation: You expend magic power (3 MP) to strengthen your wands. [mutagenic glow]
  1210 | Ossuary  | Gained mutation: You are clumsy. (Dex -2) [mutagenic glow]
  1219 | Ossuary  | Reached XP level 8. HP: 13/60 MP: 1/16
  1226 | Ossuary  | Reached * piety under Cheibriados
  1238 | Ossuary  | Gained mutation: You are dopey. (Int -2) [mutagenic glow]
  1276 | Ossuary  | Lost mutation: You expend magic power (3 MP) to strengthen your wands. [mutagenic glow]
  1493 | D:6      | Reached skill level 4 in Fighting
  1493 | D:6      | Reached skill level 3 in Short Blades
  1493 | D:6      | Reached skill level 3 in Long Blades
  1493 | D:6      | Reached skill level 3 in Axes
  1493 | D:6      | Reached skill level 3 in Maces & Flails
  1493 | D:6      | Reached skill level 3 in Polearms
  1493 | D:6      | Reached skill level 3 in Staves
  1493 | D:6      | Reached skill level 3 in Slings
  1493 | D:6      | Reached skill level 3 in Bows
  1493 | D:6      | Reached skill level 3 in Crossbows
  1493 | D:6      | Reached skill level 3 in Throwing
  1493 | D:6      | Reached skill level 3 in Armour
  1493 | D:6      | Reached skill level 3 in Stealth
  1493 | D:6      | Reached skill level 3 in Shields
  1493 | D:6      | Reached skill level 3 in Evocations
  1592 | D:7      | Found an ancient bone altar of Kikubaaqudgha.
  1592 | D:7      | Found a blossoming altar of Fedhas.
  1711 | D:7      | Noticed a troll
  1714 | D:7      | Killed a troll
  1714 | D:7      | Reached skill level 6 in Spellcasting
  1721 | D:7      | Reached ** piety under Cheibriados
  1722 | D:7      | Noticed a cyclops
  1722 | D:7      | Noticed a hippogriff
  1726 | D:7      | Killed a cyclops
  1726 | D:7      | Reached skill level 6 in Dodging
  1726 | D:7      | Reached skill level 3 in Conjurations
  1726 | D:7      | Reached skill level 3 in Hexes
  1726 | D:7      | Reached skill level 3 in Charms
  1726 | D:7      | Reached skill level 3 in Summonings
  1726 | D:7      | Reached skill level 3 in Necromancy
  1726 | D:7      | Reached skill level 3 in Translocations
  1726 | D:7      | Reached skill level 5 in Transmutations
  1726 | D:7      | Reached skill level 3 in Fire Magic
  1726 | D:7      | Reached skill level 3 in Ice Magic
  1726 | D:7      | Reached skill level 3 in Air Magic
  1726 | D:7      | Reached skill level 3 in Earth Magic
  1726 | D:7      | Reached skill level 3 in Poison Magic
  1726 | D:7      | Reached skill level 4 in Invocations
  1726 | D:7      | Reached XP level 9. HP: 48/66 MP: 9/18
  1739 | D:7      | Got an encrusted hunting sling
  1770 | D:7      | Reached skill level 4 in Short Blades
  1770 | D:7      | Reached skill level 4 in Long Blades
  1770 | D:7      | Reached skill level 4 in Axes
  1770 | D:7      | Reached skill level 4 in Maces & Flails
  1770 | D:7      | Reached skill level 4 in Polearms
  1770 | D:7      | Reached skill level 4 in Staves
  1770 | D:7      | Reached skill level 4 in Slings
  1770 | D:7      | Reached skill level 4 in Bows
  1770 | D:7      | Reached skill level 4 in Crossbows
  1770 | D:7      | Reached skill level 4 in Throwing
  1770 | D:7      | Reached skill level 4 in Armour
  1770 | D:7      | Reached skill level 4 in Stealth
  1770 | D:7      | Reached skill level 4 in Shields
  1770 | D:7      | Reached skill level 4 in Evocations
  1781 | D:7      | Identified the +9 hunting sling of the Dead {venom, +Inv rElec rC- Str+4} (You found it on level 7 of the Dungeon)
  1866 | D:7      | Reached skill level 5 in Fighting
  2035 | D:10     | Entered Level 10 of the Dungeon
  2038 | D:9      | Found a shadowy altar of Dithmenos.
  2069 | D:10     | Found a sacrificial altar of Ru.
  2088 | D:11     | Noticed a manticore
  2091 | D:11     | Killed a manticore
  2091 | D:11     | Reached skill level 8 in Unarmed Combat
  2091 | D:11     | Reached skill level 5 in Invocations
  2102 | D:12     | Found a labyrinth entrance.
  2109 | Lab      | Entered a labyrinth
  2467 | Lab      | Reached skill level 7 in Spellcasting
  2467 | Lab      | Reached XP level 10. HP: 74/74 MP: 20/20
  2486 | Lab      | Noticed a minotaur
  2492 | Lab      | Killed a minotaur
  2492 | Lab      | Reached skill level 5 in Short Blades
  2492 | Lab      | Reached skill level 5 in Long Blades
  2492 | Lab      | Reached skill level 5 in Axes
  2492 | Lab      | Reached skill level 5 in Maces & Flails
  2492 | Lab      | Reached skill level 5 in Polearms
  2492 | Lab      | Reached skill level 5 in Staves
  2492 | Lab      | Reached skill level 5 in Slings
  2492 | Lab      | Reached skill level 5 in Bows
  2492 | Lab      | Reached skill level 5 in Crossbows
  2492 | Lab      | Reached skill level 5 in Throwing
  2492 | Lab      | Reached skill level 5 in Armour
  2492 | Lab      | Reached skill level 5 in Stealth
  2492 | Lab      | Reached skill level 5 in Shields
  2492 | Lab      | Reached skill level 4 in Conjurations
  2492 | Lab      | Reached skill level 4 in Hexes
  2492 | Lab      | Reached skill level 4 in Charms
  2492 | Lab      | Reached skill level 4 in Summonings
  2492 | Lab      | Reached skill level 4 in Necromancy
  2492 | Lab      | Reached skill level 4 in Translocations
  2492 | Lab      | Reached skill level 4 in Fire Magic
  2492 | Lab      | Reached skill level 4 in Ice Magic
  2492 | Lab      | Reached skill level 4 in Air Magic
  2492 | Lab      | Reached skill level 4 in Earth Magic
  2492 | Lab      | Reached skill level 4 in Poison Magic
  2492 | Lab      | Reached skill level 5 in Evocations
  2499 | Lab      | Identified the Catalogue of the Mountains and Aid
  2504 | Lab      | Learned a level 2 spell: Passwall
  2573 | D:12     | Reached *** piety under Cheibriados
  2593 | D:12     | Noticed a cyclops
  2608 | D:12     | HP: 5/76 [cyclops (32)]
  2610 | D:12     | Killed a cyclops
  2610 | D:12     | Reached skill level 7 in Dodging
  2699 | D:12     | Noticed a cyan ugly thing
  2710 | D:12     | Killed a cyan ugly thing
  2710 | D:12     | Reached skill level 6 in Fighting
  2810 | D:12     | Reached skill level 6 in Transmutations
  2810 | D:12     | Reached skill level 6 in Invocations
  2898 | D:11     | Found a staircase to the Lair.
  2949 | D:11     | Identified the Guide on Fire
  2961 | D:11     | Learned a level 4 spell: Sticky Flame
  2994 | D:11     | Reached **** piety under Cheibriados
  3056 | D:11     | Noticed Erolcha
  3061 | D:11     | Killed Erolcha
  3061 | D:11     | Reached XP level 11. HP: 83/83 MP: 22/22
  3066 | D:11     | Identified the Tome of Dusty Flames
  3304 | D:11     | Reached skill level 9 in Unarmed Combat
  3326 | D:10     | Reached skill level 6 in Short Blades
  3326 | D:10     | Reached skill level 6 in Long Blades
  3326 | D:10     | Reached skill level 6 in Axes
  3326 | D:10     | Reached skill level 6 in Maces & Flails
  3326 | D:10     | Reached skill level 6 in Polearms
  3326 | D:10     | Reached skill level 6 in Staves
  3326 | D:10     | Reached skill level 6 in Slings
  3326 | D:10     | Reached skill level 6 in Bows
  3326 | D:10     | Reached skill level 6 in Crossbows
  3326 | D:10     | Reached skill level 6 in Throwing
  3326 | D:10     | Reached skill level 6 in Armour
  3326 | D:10     | Reached skill level 6 in Stealth
  3326 | D:10     | Reached skill level 6 in Shields
  3326 | D:10     | Reached skill level 6 in Evocations
  3339 | D:10     | Reached skill level 5 in Conjurations
  3339 | D:10     | Reached skill level 5 in Hexes
  3339 | D:10     | Reached skill level 5 in Charms
  3339 | D:10     | Reached skill level 5 in Summonings
  3339 | D:10     | Reached skill level 5 in Necromancy
  3339 | D:10     | Reached skill level 5 in Translocations
  3339 | D:10     | Reached skill level 5 in Fire Magic
  3339 | D:10     | Reached skill level 5 in Ice Magic
  3339 | D:10     | Reached skill level 5 in Air Magic
  3339 | D:10     | Reached skill level 5 in Earth Magic
  3339 | D:10     | Reached skill level 5 in Poison Magic
  3343 | D:10     | Reached ***** piety under Cheibriados
  3393 | D:10     | Found a staircase to the Orcish Mines.
  3407 | Orc:1    | Entered Level 1 of the Orcish Mines
  3407 | Orc:1    | Noticed Harold
  3412 | Orc:1    | Noticed Josephine
  3420 | D:10     | Slain by Harold

Skill      XL: |  1  2  3  4  5  6  7  8  9 10 11 |
---------------+----------------------------------+-----
Spellcasting   | 5 6 7 |  7.9
Invocations    | 1 2 3 4 5 6 |  6.6
Short Blades   | 1 2 3 4 5 6 |  6.0
Long Blades    | 1 2 3 4 5 6 |  6.0
Axes           | 1 2 3 4 5 6 |  6.0
Maces & Flails | 1 2 3 4 5 6 |  6.0
Polearms       | 1 2 3 4 5 6 |  6.0
Staves         | 1 2 3 4 5 6 |  6.0
Slings         | 1 2 3 4 5 6 |  6.0
Bows           | 1 2 3 4 5 6 |  6.0
Crossbows      | 1 2 3 4 5 6 |  6.0
Throwing       | 1 2 3 4 5 6 |  6.0
Armour         | 1 2 3 4 5 6 |  6.0
Stealth        | 1 2 3 4 5 6 |  6.0
Shields        | 1 2 3 4 5 6 |  6.0
Conjurations   | 1 2 3 4 5 |  5.0
Hexes          | 1 2 3 4 5 |  5.0
Charms         | 1 2 3 4 5 |  5.0
Summonings     | 1 2 3 4 5 |  5.0
Necromancy     | 1 2 3 4 5 |  5.0
Translocations | 1 2 3 4 5 |  5.0
Fire Magic     | 1 2 3 4 5 |  5.0
Ice Magic      | 1 2 3 4 5 |  5.0
Air Magic      | 1 2 3 4 5 |  5.0
Earth Magic    | 1 2 3 4 5 |  5.0
Poison Magic   | 1 2 3 4 5 |  5.0
Evocations     | 1 2 3 4 5 6 |  6.0
Fighting       | 3 4 5 6 |  6.6
Transmutations | 4 5 6 |  6.3
Dodging        | 5 6 7 |  7.6
Unarmed Combat | 7 8 9 |  9.0

Action                   |  1- 3 |  4- 6 |  7- 9 | 10-12 || total
-------------------------+-------+-------+-------+-------++-------
Melee: Unarmed           |    32 |    52 |   187 |    77 ||   348
       Bite              |     2 |       |     7 |     6 ||    15
       Kick              |     5 |       |       |       ||     5
       Dagger            |       |     3 |     9 |     1 ||    13
       Punch             |       |     1 |     2 |     5 ||     8
       Headbutt          |       |       |     4 |       ||     4
 Fire: Hunting sling     |       |       |    26 |    70 ||    96
Throw: Javelin           |       |       |     5 |       ||     5
 Cast: Beastly Appendage |     6 |       |     4 |       ||    10
       Sticks to Snakes  |     3 |     3 |    12 |     3 ||    21
       Spider Form       |     1 |     6 |    14 |     1 ||    22
       Confuse           |       |       |     3 |       ||     3
       Blade Hands       |       |       |     2 |     9 ||    11
       Passwall          |       |       |       |     1 ||     1
Invok: Bend Time         |       |       |     1 |       ||     1
 Abil: End Transformatio |       |       |     1 |     2 ||     3
       Evoke Invisibilit |       |       |       |     1 ||     1
Evoke: Wand              |       |       |     1 |       ||     1
       Lightning rod     |       |       |       |     2 ||     2
  Use: Scroll            |       |     6 |    12 |     4 ||    22
       Potion            |       |       |     7 |       ||     7
 Stab: Sleeping          |     2 |     3 |     5 |     1 ||    11
       Distracted        |       |     1 |     2 |     1 ||     4
       Confused          |       |       |     1 |       ||     1
  Eat: Chunk             |       |       |     4 |       ||     4
       Ration            |       |       |     1 |     1 ||     2
Armor: Robe              |     6 |       |       |       ||     6
       Skin              |       |     3 |     7 |       ||    10
       Troll leather arm |       |       |    12 |    23 ||    35
Dodge: Dodged            |    25 |    68 |   176 |    93 ||   362

Table legend:
 A = Turns spent in this place as a percentage of turns spent in the entire game.
 B = Non-inter-level travel turns spent in this place as a percentage of non-inter-level travel turns spent in the entire game.
 C = Inter-level travel turns spent in this place as a percentage of turns spent in this place.
 D = Turns resting spent in this place as a percentage of non-inter-level travel turns spent in this place.
 E = Turns spent auto-exploring this place as a percentage of non-inter-level travel turns spent in this place.
 F = Non-inter-level travel turns spent in this place divided by the number of levels of this place that you've seen.
                   A       B       C       D       E      F
               +-------+-------+-------+-------+-------+----------------------
         Total | 100.0 | 100.0 |   1.1 |   0.0 |   0.0 | 211.4
       Dungeon |  81.0 |  80.8 |   1.3 |   0.0 |   0.0 | 210.2
  Orcish Mines |   0.3 |   0.3 |   0.0 |   0.0 |   0.0 |  10.0
     Labyrinth |  11.6 |  11.7 |   0.0 |   0.0 |   0.0 | 397.0
       Ossuary |   7.1 |   7.2 |   0.0 |   0.0 |   0.0 | 244.0
               +-------+-------+-------+-------+-------+----------------------

Table legend:
 A = Kills in this place as a percentage of kills in entire the game.
 B = Kills by you in this place as a percentage of kills by you in the entire game.
 C = Kills by friends in this place as a percentage of kills by friends in the entire game.
 D = Other kills in this place as a percentage of other kills in the entire game.
 E = Experience gained in this place as a percentage of experience gained in the entire game.
 F = Experience gained in this place divided by the number of levels of this place that you have seen.
                   A       B       C       D       E      F
               +-------+-------+-------+-------+-------+----------------------
         Total | 100.0 | 100.0 | 100.0 | 100.0 | 100.0 | 740.4
       Dungeon |  76.8 |  79.1 |  50.0 |   0.0 |  85.2 | 776.6
  Orcish Mines |   1.5 |   1.1 |   0.0 |  50.0 |   1.2 | 141.0
     Labyrinth |   1.5 |   1.6 |   0.0 |   0.0 |  12.4 | 1468.0
       Ossuary |  20.1 |  18.1 |  50.0 |  50.0 |   1.2 | 142.0
               +-------+-------+-------+-------+-------+----------------------

Vault maps used:
D:1:      lightli_arrival_noodles
D:2:      grunt_ministairs_7
D:3:      grunt_temple_overflow_gold_and_silver, uniq_sigmund, uniq_ijyb,
          uniq_natasha
D:4:      nicolae_ru_the_path_less_chosen, marbit_many_paths
D:5:      kennysheep_little_box, okawaru_trees_2, first_ration,
          nicolae_ossuary_entry_giza, lemuel_tele_altar,
          uniq_crazy_yiuf_cottage, uniq_menkaure
D:6:      slow_altar_2, kennysheep_dice
D:7:      minmay_the_grid_octo_tiled_squarecenter,
          grunt_temple_overflow_growth_and_decay,
          minmay_temple_entry_statues_fountains, kennysheep_generic_room_14
D:8:      gammafunk_wand_slinger, gammafunk_temple_overflow_wave,
          nemelex_xobeh_ov_fountains_minmay, hangedman_ranch,
          columned_hall_lemuel, minmay_misc_feat_roman, grunt_ministairs_8
D:9:      grunt_dithmenos_smoke_and_mirrors, uniq_erica
D:10:     david_orc_4, basic_altar, uniq_maurice
D:11:     erik_lair_orcish_takeover, serial_corexii_hall,
          corexii_hall_statues_x, corexii_hall_statues_u,
          corexii_hall_statues_i, uniq_erolcha
D:12:     lab_entry_generic, enter_bailey_3, lemuel_statue_altar
D:13:     serial_ice, serial_ice_d, serial_ice_o, serial_ice_k, serial_ice_n,
          serial_ice_h, serial_ice_a, serial_ice_f, serial_ice_e, uniq_azrael
Orc:1:    nicolae_orc_accident_2, uniq_harold, uniq_josephine, uniq_urug
Lab:      labyrinth_watery, nicolae_lab_flowing_pool, lab_hedge
Ossuary:  ossuary_tomb_1
